 Dungeon Crawl Stone Soup version 0.22-a0-192-g6ffc940 (webtiles) character file.

1145 4thArraOfDagon the Nimble (level 8, -24/32 HPs)
             Began as a Felid Wanderer on Feb 16, 2018.
             Was a Believer of Cheibriados.
             Hit by a large rock thrown by a cyclops (44 damage)
             ... on level 8 of the Dungeon.
             The game lasted 00:17:57 (3845 turns).

4thArraOfDagon the Nimble (Felid Wanderer)          Turns: 3845, Time: 00:17:58

Health: -24/32     AC:  2    Str: 14    XL:     8   Next: 15%
Magic:  11/11      EV: 25    Int: 20    God:    Cheibriados [**....]
Gold:   372        SH:  0    Dex: 20    Spells: 7/7 levels left
                                        Lives:  0   Deaths: 2

rFire    . . .     SeeInvis +     - Unarmed
rCold    + . .     Gourm    .   (shield unavailable)
rNeg     . . .     Faith    .   (armour unavailable)
rPois    .         Spirit   .   (helmet unavailable)
rElec    .         Reflect  .   (cloak unavailable)
rCorr    .         Harm     .   (gloves unavailable)
MR       +....                  (boots unavailable)
Stlth    +++++.....             (no amulet)
HPRegen  0.10/turn              (no ring)
MPRegen  0.12/turn              m - ring of protection from cold

@: lethally poisoned (-24 -> -29), very slow
A: very small, no armour, no weapons or thrown items, stealth, claws 1, fangs 3,
see invisible, carnivore, speed 1, frail 1, shaggy fur 2, slow metabolism 1,
sharp paws
a: Bend Time, Renounce Religion


You were on level 8 of the Dungeon.
You worshipped Cheibriados.
Cheibriados was pleased with you.
You were completely stuffed.

You visited 2 branches of the dungeon, and saw 9 of its levels.

You collected 372 gold pieces.

Inventory:

Jewellery
 m - a ring of protection from cold (right paw)
Scrolls
 a - 4 scrolls of identify
 e - a scroll of remove curse
 g - 4 scrolls of teleportation
 l - a scroll of enchant weapon {unknown}
Potions
 i - a potion of cancellation
 j - a potion of ambrosia
Comestibles
 d - 15 rations


   Skills:
 + Level 4.6 Fighting
 * Level 8.8 Dodging
 + Level 8.0 Stealth
 * Level 7.1 Unarmed Combat
 - Level 3.4 Invocations
   Level 1.1 Evocations


You had 7 spell levels left.
You didn't know any spells.

Dungeon Overview and Level Annotations

Branches:
Dungeon (8/15)             Temple (1/1) D:6
   Lair: D:8-11

Altars:
Ashenzari
Cheibriados
Dithmenos
Elyvilon
Fedhas
Gozag
Hepliaklqana
Kikubaaqudgha
Makhleb
Nemelex Xobeh
Okawaru
Qazlal
Ru
Trog
Vehumet
Wu Jian
Xom
Zin
The Shining One

Shops:
D:5 (

Annotations:
D:8 Erica


Innate Abilities, Weirdness & Mutations

You cannot wear armour.
You are incapable of wielding weapons or throwing items.
Your paws allow you to move quietly. (Stealth)
You have sharp claws.
You have razor-sharp teeth.
You have supernaturally acute eyesight. (SInv)
You are carnivorous and can eat meat at any time.
You cover ground quickly.
You are covered in thick fur. (AC +2)
You have a slow metabolism.
Your sharp claws are effective at attacking unaware monsters.
You are frail. (-10% HP)


Message History

Unknown command.
The worker ant bites you.
You are poisoned.
The worker ant poisons you!
Unknown command.
Your surroundings suddenly seem different.
You feel sick.
Found a stone staircase leading up.
Unknown command.
You feel sick.
Unknown command.
Found a stone staircase leading down.
Unknown command.
Unknown command.
You feel sick.
There is a stone staircase leading up here.
Unknown command.
The cyclops throws a large rock.
The large rock hits you!!!
Ouch! That really hurt!
You die...

#..####.a....?.#
#.#
#..(....######.#
#.# #..###### #.#
........# #.#
..C...C##.# #..
.##.##.##a# ..####
#.##.##.### #.#
.##.....<...# #.#
.......@#.#.# #.#
.#####>.#.#.# #.#
#..#.#.# #(#
#..#.#.# #.#
#..#.#.#######.####
..................)
##.##############.#
#.# #.# . #.#


You could see a cyclops and a worker ant (wandering).

Vanquished Creatures
  A two-headed ogre (D:8)
  A wyvern (D:8)
  An orc warrior (D:8)
  A sky beast (D:7)
  2 ice beasts
  A phantom (D:5)
  A big kobold (D:8)
  2 bullfrogs
  A scorpion (D:5)
  A crimson imp (D:8)
  A bullfrog zombie (D:6)
  A hound (D:8)
  A bullfrog skeleton (D:4)
  A centaur skeleton (D:8)
  An orc wizard (D:8)
  3 worker ants (D:4)
  A hound skeleton (D:6)
  Robin (D:2)
  8 adders
  A shadow imp (D:7)
  2 oozes
  2 worms
  3 leopard geckos
  8 orcs
  6 bats
  5 giant cockroaches
  12 goblins
  11 hobgoblins
  5 jackals
  4 quokkas
  3 frilled lizards
  8 kobolds
  4 rats
104 creatures vanquished.

Vanquished Creatures (others)
  4 plants (D:2)
4 creatures vanquished.

Grand Total: 108 creatures vanquished

Notes
Turn   | Place    | Note
-------+----------+-------------------------------------------
     0 | D:1      | 4thArraOfDagon the Felid Wanderer began the quest for the Orb.
     0 | D:1      | 4thArraOfDagon set off with: a wand of flame (15), a potion of lignification, a potion of curing, a ration
     0 | D:1      | Reached XP level 1. HP: 10/10 MP: 2/2
   104 | D:1      | Reached skill level 1 in Dodging
   287 | D:2      | Reached XP level 2. HP: 5/14 MP: 3/3
   344 | D:2      | Noticed Robin
   622 | D:4      | Reached XP level 3. HP: 11/17 MP: 4/4
   688 | D:5      | Entered Level 5 of the Dungeon
   715 | D:5      | Noticed a phantom
   858 | D:5      | Noticed an ice beast
   872 | D:5      | Killed an ice beast
   872 | D:5      | Reached XP level 4. HP: 20/21 MP: 5/5
   981 | D:6      | Reached XP level 5. HP: 23/24 MP: 6/6
   996 | D:6      | Found a staircase to the Ecumenical Temple.
  1005 | Temple   | Entered the Ecumenical Temple
  1050 | Temple   | Became a worshipper of Cheibriados the Contemplative
  1077 | D:6      | Noticed an ice beast
  1089 | D:6      | Slain by an ice beast
  1090 | D:6      | Reached XP level 4. HP: -3/21 MP: 5/5
  1103 | D:6      | Found a glowing golden altar of the Shining One.
  1176 | D:6      | Killed an ice beast
  1176 | D:6      | Reached XP level 5. HP: 24/24 MP: 6/6
  1305 | D:4      | Reached skill level 1 in Invocations
  1317 | D:4      | Reached skill level 5 in Dodging
  1472 | D:4      | Gained mutation: You are frail. (-10% HP) [potion of mutation]
  1472 | D:4      | Gained mutation: You are very frail. (-20% HP) [potion of mutation]
  1472 | D:4      | Lost mutation: You are very frail. (-20% HP) [potion of mutation]
  1537 | D:3      | Gained mutation: You are covered in thick fur. (AC +2) [Felid growth]
  1537 | D:3      | Reached XP level 6. HP: 13/25 MP: 7/7
  1749 | D:2      | Reached * piety under Cheibriados
  1915 | D:2      | Killed Robin
  2749 | D:5      | Sergey: why dont you pick arrows ? mb you will find book with stick to snakes
  2811 | D:5      | Reached skill level 5 in Unarmed Combat
  2853 | D:5      | Found Megab's Antique Weapon Emporium.
  2881 | D:5      | Reached XP level 7. HP: 19/27 MP: 9/9
  3162 | D:7      | Reached ** piety under Cheibriados
  3419 | D:8      | Noticed a cyclops
  3530 | D:8      | Noticed Erica
  3534 | D:8      | Noticed a two-headed ogre
  3556 | D:8      | Killed a two-headed ogre
  3556 | D:8      | Reached XP level 8. HP: 20/32 MP: 9/11
  3568 | D:8      | Splashed by Erica's acid
  3569 | D:8      | Reached XP level 7. HP: -2/43 MP: 10/10
  3719 | D:8      | Noticed a wyvern
  3741 | D:8      | Killed a wyvern
  3764 | D:8      | Reached XP level 8. HP: 32/32 MP: 11/11
  3845 | D:8      | Hit by a large rock thrown by a cyclops

Vault maps used:
D:1:      minmay_arrival_four_circles
D:2:      serial_forest, infiniplex_forest_straight_4,
          infiniplex_forest_zigzag_1, infiniplex_forest_lined_3_way,
          infiniplex_forest_end_2, infiniplex_forest_clump_long,
          infiniplex_forest_fountain, infiniplex_forest_clump_curved,
          infiniplex_forest_zigzag_1, infiniplex_forest_clump_medium,
          hangedman_decor_points, hex_tiny, uniq_robin
D:5:      serial_shops, shop, first_ration
D:6:      minmay_temple_entry_mist, grunt_decor_one_mirror, tso_altar
D:7:      kennysheep_generic_room_15
D:8:      minmay_bloctagon, uniq_erica
Temple:   compressed_dpeg_triangle_lava_temple

Skill      XL: |  1  2  3  4  5  6  7 |
---------------+----------------------+-----
Dodging        | 1 2 4 5 6 8 |  8.8
Unarmed Combat | 3 4 5 7 |  7.1
Invocations    | 1 3 |  3.4
Stealth        | 6 8 |  8.0
Fighting       | 4 |  4.6
Evocations     | |  1.1

Action                   |  1- 3 |  4- 6 |  7- 9 || total
-------------------------+-------+-------+-------++-------
Melee: Unarmed           |    43 |   160 |   113 ||   316
       Bite              |     2 |    11 |    16 ||    29
       Punch             |       |     3 |     4 ||     7
Evoke: Wand              |    12 |     8 |     5 ||    25
  Use: Scroll            |     3 |     8 |     2 ||    13
       Potion            |       |     2 |     8 ||    10
 Stab: Sleeping          |     7 |    12 |     3 ||    22
       Paralysed         |       |     3 |     2 ||     5
  Eat: Chunk             |     7 |     7 |     7 ||    21
Armor: Skin              |     5 |    20 |    24 ||    49
Dodge: Dodged            |    33 |   121 |    93 ||   247

Table legend:
 A = Spawn XP
 B = Non-spawn XP
 C = Spawn XP percentage of total XP
 D = Spawn monster count
 E = Non-spawn monster count
 F = Spawn count percentage of total count
 G = Total turns spent on level
                    A         B        C        D         E        F      G
               +---------+---------+-------+---------+---------+-------+---------
         Total |       0 |    2841 |   0.0 |       0 |     104 |   0.0 |  3845
               +---------+---------+-------+---------+---------+-------+---------
           D:1 |       0 |      11 |   0.0 |       0 |       8 |   0.0 |   307
           D:2 |       0 |      60 |   0.0 |       0 |      28 |   0.0 |   540
           D:3 |       0 |      70 |   0.0 |       0 |      21 |   0.0 |   630
           D:4 |       0 |     202 |   0.0 |       0 |      11 |   0.0 |   694
           D:5 |       0 |     349 |   0.0 |       0 |       9 |   0.0 |   467
           D:6 |       0 |     208 |   0.0 |       0 |       4 |   0.0 |   420
           D:7 |       0 |     258 |   0.0 |       0 |      10 |   0.0 |   179
           D:8 |       0 |    1683 |   0.0 |       0 |      13 |   0.0 |   543
               +---------+---------+-------+---------+---------+-------+---------
